 Dungeon Crawl Stone Soup version 0.28-a0-390-gb254ac4902 (webtiles) character file.

Game seed: 7558851763097752117

9 robertstho the Magician (level 2, 0/22 HPs)
             Began as a Djinni Fire Elementalist on Sept 3, 2021.
             Slain by a giant cockroach (2 damage)
             ... on level 1 of the Dungeon.
             The game lasted 00:01:07 (290 turns).

robertstho the Magician (Djinni Fire Elementalist)   Turns: 290, Time: 00:01:08

Health: 0/22       AC:  2    Str:  7    XL:     2   Next: 25%
Gold:   0          EV: 12    Int: 16    God:
                   SH:  0    Dex: 13

rFire   + + .      SeeInvis .   b - +1 dagger (drain)
rCold   x . .      Faith    .   (no shield)
rNeg    . . .      Spirit   .   a - +0 robe
rPois   ∞          Reflect  .   (no helmet)
rElec   .          Harm     .   (no cloak)
rCorr   .          Rampage  .   (no gloves)
Will    .....                   (boots unavailable)
Stlth   ++........              (no amulet)
HPRegen 0.07/turn               (no ring)
MPRegen 0.00/turn               (no ring)

@: attractive, flying
A: sickness immunity, fire resistance 2, cold vulnerability 1, float, innate
caster, hp casting, extra vitality 1
a: no special abilities


You were on level 1 of the Dungeon.
You visited 1 branch of the dungeon, and saw 1 of its levels.

Inventory:

Hand Weapons
 b - a +1 dagger of draining (weapon)
Armour
 a - a +0 robe (worn)


   Skills:
 * Level 0.5 Fighting
 + Level 2.2 Dodging
 + Level 1.6 Stealth
 * Level 2.7 Spellcasting


You couldn't memorise any spells.
You knew the following spells:

 Your Spells              Type           Power      Damage    Failure   Level
a - Foxfire               Conj/Fire      44%        2x1d6     6%          1
b - Scorch                Fire           22%        2d6       10%         2
c - Conjure Flame         Conj/Fire      11%        6-21      19%         3
d - Inner Flame           Hex/Fire       11%        N/A       19%         3
e - Flame Wave            Conj/Fire      11%        3d4       52%         4
Your spell library was empty.

Dungeon Overview and Level Annotations

Branches:
Dungeon (1/15)

Altars:


Innate Abilities, Weirdness & Mutations

You are immune to sickness and miasma.
You are immune to poison.
Your flesh is very heat resistant. (rF++)
You are vulnerable to cold. (rC-)
You float through the air rather than walking.
You learn spells naturally, not from books.
Your magical power is your life essence.
You have superior vitality. (+4 HP)


Message History

The giant cockroach barely misses you.
The giant cockroach waves its antennae.
Found three human skeletons.
A ball python comes into view.
The giant cockroach misses you.
A dart slug comes into view.
Found two human skeletons.
The giant cockroach barely misses you.
Found a scroll labelled KEAKLUSTUT.
Found a yellow potion.
The giant cockroach barely misses you.
You see here a scroll labelled KEAKLUSTUT.
The giant cockroach bites you but does no damage.
You see here a yellow potion.
It was a potion of attraction.
You feel attractive to monsters.
The giant cockroach bites you but does no damage.
The goblin is attracted toward you.
The giant cockroach bites you but does no damage.
Found 11 gold pieces.
The giant cockroach is attracted toward you.
The giant cockroach closely misses you.
Found 9 gold pieces.
The goblin is attracted toward you.
The giant cockroach bites you but does no damage. x2
The giant cockroach bites you but does no damage.
The giant cockroach is attracted toward you.
The giant cockroach is attracted toward you.
The goblin is attracted toward you.
Casting: Foxfire (safe; 6% risk of failure)
Press: ? - help, Q - select action, (/) - cycle Dir - look around, f - activate You conjure some foxfire!
* * * LOW HITPOINT WARNING * * *
The giant cockroach closely misses you.
Unknown command.
Casting: Foxfire (safe; 6% risk of failure)
Press: ? - help, Q - select action, (/) - cycle Dir - look around, f - activate You conjure some foxfire!
* * * LOW HITPOINT WARNING * * *
The foxfire hits the giant cockroach but does no damage. x2
The giant cockroach bites you.
You die...

..##.# #+###+###
#.##.# #.#..... ....
#.##.###.#.#.####.#.
##.##...............
..............##...
..................
.#.##.###.....##.# #
.#.##.# #....###.#.#
.#.##.# #....gBB@§$#
.#.##.# #....###v#.#
.#..... +....# #.# #
.####.# #....# #.#
#.# #....# #.#
#...$. ..#
.........#
###+#.#####


You could see 2 giant cockroaches and a goblin.

Vanquished Creatures
  A dart slug (D:1)
  A ball python (D:1)
  2 endoplasms (D:1)
  A goblin (D:1)
  A hobgoblin (D:1)
6 creatures vanquished.

Vanquished Creatures (others)
  26 foxfires (D:1)
26 creatures vanquished.

Grand Total: 32 creatures vanquished

Notes
Turn   | Place    | Note
-------+----------+-------------------------------------------
     0 | D:1      | robertstho the Djinni Fire Elementalist began the quest for
                  | the Orb.
     0 | D:1      | Reached XP level 1. HP: 15/15 MP: 0/0
   189 | D:1      | Reached XP level 2. HP: 16/21 MP: 0/0
   247 | D:1      | HP: 1/22 [goblin (2)]
   290 | D:1      | Slain by a giant cockroach

Illustrated notes

Levels and vault maps discovered:
D:1:      tarquinn_simple_flora_water_d, layout_basic,
          shapermc_ecumenical_altar_pompeii, minmay_tiny_reverse_x

Action                   || total
-------------------------++-------
 Cast: Foxfire           ||    17
  Use: Potion            ||     1
Armor: Robe              ||    10
Dodge: Dodged            ||    11

Table legend: (Time is in decaauts)
 A = Elapsed time spent in this place.
 B = Non-inter-level travel time spent in this place.
 C = Inter-level travel time spent in this place.
 D = Time resting spent in this place.
 E = Time spent auto-exploring this place.
 F = Levels seen in this place.
 G = Mean time per level.
                   A        B        C        D        E       F      G
               +--------+--------+--------+--------+--------+-----+--------+
         Total |    289 |    289 |      0 |      0 |    171 |   1 |  289.0 |
       Dungeon |    289 |    289 |      0 |      0 |    171 |   1 |  289.0 |
               +--------+--------+--------+--------+--------+-----+--------+

Top non-repeatable levels by time:
     D:1: 289 daAuts
